 Dungeon Crawl Stone Soup version 0.28.0-53-g5a82cb258f (webtiles) character file.

Game seed: 10772842927658535019

199 funkygono the Bolt Thrower (level 5, -2/45 HPs)
             Began as a Minotaur Hunter on July 2, 2022.
             Slain by an ogre
             ... wielding a +0 giant club
              (17 damage)
             ... on level 4 of the Dungeon.
             The game lasted 00:05:08 (1733 turns).

funkygono the Bolt Thrower (Minotaur Hunter)        Turns: 1733, Time: 00:05:08

Health: -2/45      AC:  8    Str: 19    XL:     5   Next: 48%
Magic:  4/4        EV: 11    Int:  8    God:
Gold:   110        SH:  0    Dex: 10    Spells: 4/4 levels left

rFire   . . .      SeeInvis .   a - +0 long sword
rCold   . . .      Faith    .   (no shield)
rNeg    . . .      Spirit   .   g - +0 ring mail
rPois   .          Reflect  .   f - +2 hat
rElec   .          Harm     .   (no cloak)
rCorr   .          Rampage  .   (no gloves)
Will    .....                   j - +0 pair of boots
Stlth   +.........              (no amulet)
HPRegen 0.15/turn               (no ring)
MPRegen 0.09/turn               (no ring)

@: no status effects
A: horns 2, retaliatory headbutt
a: no special abilities


You were on level 4 of the Dungeon.
You visited 1 branch of the dungeon, and saw 6 of its levels.

You collected 110 gold pieces.

Inventory:

Hand Weapons
 a - a +0 long sword (weapon)
 b - a +1 hand crossbow
 i - a +0 short sword
Missiles
 d - 15 bolts
Armour
 c - a +0 leather armour
 f - a +2 hat (worn)
 g - a +0 ring mail (worn)
 j - a +0 pair of boots (worn)
Potions
 e - a potion of cancellation
 h - a potion of invisibility {unknown}


   Skills:
 + Level 3.1 Fighting
 + Level 1.9 Short Blades
 + Level 6.2 Crossbows
 + Level 2.3 Armour
 + Level 2.5 Dodging
 + Level 0.9 Stealth


You had 4 spell levels left.
You didn't know any spells.
Your spell library contained the following spells:

 Spells                   Type           Power      Damage    Failure   Level
 Summon Guardian Golem    Hex/Summ       0%         N/A       91%         3
 Orb of Destruction       Conj           0%         9d5       100%        7
 Spellforged Servitor     Conj/Summ      0%         N/A       100%        7


Dungeon Overview and Level Annotations

Branches:
Dungeon (6/15)
 Temple: D:4-7

Altars:


Innate Abilities, Weirdness & Mutations

You have a pair of horns on your head.
You reflexively headbutt those who attack you in melee.


Message History

The endoplasm quivers.
You see here a +0 long sword.
i - a +0 long sword Adjust to which letter? (? for menu, Esc to quit)
a - a +0 long sword;
i - a +0 short sword
Okay, then.
Sorry, you're not good enough to have a special ability.
Unknown command.
a - a +0 long sword (weapon)
You slash the endoplasm!
You kill the endoplasm!
An adder skeleton comes into view.
A black bear comes into view.
The black bear growls angrily.
You hear a shout!
You barely miss the adder skeleton. The adder skeleton barely misses you.
The adder skeleton bites you but does no damage.
You slash the adder skeleton!
The adder skeleton is severely damaged.
The adder skeleton barely misses you.
You slash the adder skeleton!
You destroy the adder skeleton!
An ogre comes into view. It is wielding a +0 giant club.
You see here a scroll labelled JAPROOS HUE.
Found a spear.
The black bear bites you. The black bear completely misses you.
The black bear misses you.
Found a book of the Senses.
The ogre hits you with a +0 giant club!!
Ouch! That really hurt!
* * * LOW HITPOINT WARNING * * *
A hobgoblin comes into view.
The hobgoblin shouts!
Found a robe.
Found a ring mail.
You see here a +0 mace.
You aren't carrying any scrolls.
The black bear bites you. The black bear claws you.
The black bear claws you but does no damage.
The ogre hits you with a +0 giant club!
You die...

#.....##..............
#.##..##.......####...
#.....##)......####...
######+##.......#......
#...............#......
#...............#....##
#.....g.....[...#....##
#...hO..........#....##
#.....@.........+....'.
#...............#....##
#...............#######
#############...##.....
#...##..... #...##.....
#.......... #..........
#..........


You could see a black bear, an ogre and a hobgoblin.

Vanquished Creatures
  A black bear (D:4)
  Jessica (D:3)
  A hound skeleton (D:4)
  A gnoll (D:1)
  An adder (D:2)
  An adder skeleton (D:4)
  3 dart slugs (D:1)
  4 endoplasms
  A giant cockroach (D:1)
  2 goblins
  4 hobgoblins (D:2)
  6 jackals
  2 kobolds (D:1)
  4 quokkas
  5 ball pythons
  3 frilled lizards
  3 rats
43 creatures vanquished.

Notes
Turn   | Place    | Note
-------+----------+-------------------------------------------
     0 | D:1      | funkygono the Minotaur Hunter began the quest for the Orb.
     0 | D:1      | Reached XP level 1. HP: 18/18 MP: 0/0
    35 | D:1      | Reached skill level 5 in Crossbows
    35 | D:1      | Reached XP level 2. HP: 25/25 MP: 1/1
   386 | D:1      | Reached XP level 3. HP: 30/30 MP: 2/2
  1075 | D:2      | Found a faded altar of an unknown god.
  1161 | D:2      | Reached skill level 1 in Armour
  1453 | D:3      | Noticed Jessica
  1454 | D:3      | Killed Jessica
  1455 | D:3      | Reached skill level 1 in Short Blades
  1455 | D:3      | Reached XP level 4. HP: 37/37 MP: 3/3
  1457 | D:3      | You fall into a shaft and drop 3 floors!
  1457 | D:6      | Noticed a gnoll sergeant
  1464 | D:5      | Entered Level 5 of the Dungeon
  1541 | D:4      | Noticed a black bear
  1550 | D:4      | Killed a black bear
  1551 | D:4      | Reached skill level 6 in Crossbows
  1551 | D:4      | Reached XP level 5. HP: 36/45 MP: 4/4
  1637 | D:4      | Noticed a black bear
  1640 | D:4      | Noticed an ogre
  1733 | D:4      | Slain by an ogre

Illustrated notes

Levels and vault maps discovered:
D:1:      dpeg_arrival_rooms_a, layout_rooms
D:2:      layout_basic, shapermc_ecumenical_altar_acropolis
D:3:      layout_basic, general_overflow_altar, mainiacjoe_overflow_catwalk,
          nicolae_wu_jian_wuxing_cycle, minmay_quadrilaterals, uniq_jessica
D:4:      layout_basic, mainiacjoe_overflow_surrounded_room,
          minmay_ogre_servants, uniq_edmund
D:5:      layout_gridville, okawaru_ov_weapons_minmay,
          minmay_temple_entry_ruins, serial_shops, nicolae_shop_behind_doors,
          serial_bayou_ford_a, minmay_fractal_squares_gapless_5, uniq_pikel,
          uniq_sigmund
D:6:      kennysheep_six_static_rooms, layout_loops_ring, fedhas_altar_4,
          uniq_prince_ribbit1, uniq_blork_the_orc

Skill      XL: |  1  2  3  4 |
---------------+-------------+-----
Crossbows      | 5 6 |  6.2
Armour         | 1 2 |  2.3
Short Blades   | 1 |  1.9
Fighting       | 3 |  3.1
Dodging        | |  2.5
Stealth        | |  0.9

Action                   |  1- 3 |  4- 6 || total
-------------------------+-------+-------++-------
Melee: Short sword       |    51 |     6 ||    57
       Headbutt          |     3 |       ||     3
       Long sword        |       |     4 ||     4
 Fire: Hand crossbow     |    43 |     9 ||    52
  Use: Scroll            |     3 |       ||     3
Armor: Ring mail         |    17 |     9 ||    26
Dodge: Dodged            |    33 |    10 ||    43
